 Dungeon Crawl Stone Soup version 0.30-a0-341-g682706514a (webtiles) character file.

Game seed: 11512192819483305410

40 dooked the Trooper (level 3, 0/33 HPs)
             Began as a Draconian Berserker on Nov 3, 2022.
             Was a Believer of Trog.
             Slain by an orc
             ... wielding a +0 war axe
              (8 damage)
             ... on level 3 of the Dungeon.
             The game lasted 00:09:27 (1161 turns).

dooked the Trooper (Draconian Berserker)            Turns: 1161, Time: 00:09:27

Health: 0/33       AC:  5    Str: 21    XL:     3   Next: 30%
Magic:  3/3        EV: 12    Int:  7    God:    Trog [**....]
Gold:   54         SH:  0    Dex: 10    Spells: 2/2 levels left

rFire   . . .      SeeInvis .    a - +0 spear
rCold   . . .      Faith    .    (no shield)
rNeg    . . .      Spirit   .    (body armour unavailable)
rPois   .          Reflect  .    (helmet restricted)
rElec   .          Harm     .    (no cloak)
rCorr   .          Rampage  .    (no gloves)
Will    .....                    (no boots)
Stlth   +.........               (no amulet)
HPRegen 0.25/turn                (no ring)
MPRegen 0.08/turn                (no ring)

@: no status effects
A: AC +5, unfitting armour, cold-blooded
a: Renounce Religion, Berserk, Trog's Hand


You were on level 3 of the Dungeon.
You worshipped Trog.
Trog was pleased with you.
You visited 1 branch of the dungeon, and saw 3 of its levels.

You collected 54 gold pieces.

Inventory:

Hand Weapons
 a - a +0 spear (weapon)
 b - a +0 whip
 f - a +0 long sword
Missiles
 c - 23 stones (quivered)
 h - 2 boomerangs
Armour
 i - a +0 ring mail
Jewellery
 l - a ring of willpower
Scrolls
 d - a scroll of fear {unknown}
 e - 3 scrolls of summoning {poop lol}
 j - a scroll of teleportation {unknown}
Potions
 g - a potion of resistance
 k - a potion of lignification {unknown}


   Skills:
 + Level 3.9 Fighting
 + Level 3.5 Polearms
 + Level 3.1 Dodging


You had 2 spell levels left.
You didn't know any spells.
Your spell library contained the following spells:

 Spells                   Type           Power      Damage    Failure   Level
 Magic Dart               Conj           0%         1d3       43%         1
 Call Imp                 Summ           0%         N/A       56%         2
 Mephitic Cloud           Conj/Pois/Air  0%         N/A       80%         3


Dungeon Overview and Level Annotations

Branches:
Dungeon (2/15)

Altars:


Innate Abilities, Weirdness & Mutations

Your plain brown scales are hard. (AC +5)
You cannot fit into any form of body armour.
You are cold-blooded and may be slowed by cold attacks.


Message History

You kill the frilled lizard!
Trog accepts your kill.
You see here a frilled lizard corpse.
A sourceless malevolence fills the Dungeon...
You fall into a shaft and drop 1 floor!
The shaft crumbles and collapses.
Found a peridot ring and a white potion.
You can't wear that!
Found a thick smoking staff and 14 gold pieces.
l - a ring of willpower You see here a staff of death.
Found a tubular emerald ring.
An orc wizard and 2 orcs come into view.
The orc shouts!
The orc wizard shouts!
A goblin comes into view. It is wielding a +0 dagger.
The orc wizard casts a spell at you. The magic dart hits you!
An orc comes into view. It is wielding a +0 club.
The orc shouts!
The orc moves out of view.
An orc wizard comes into view. It is wielding a +0 dagger.
Found a leather armour.
The orc wizard mumbles some strange words.
The orc wizard flickers and vanishes!
Deactivating autopickup; reactivate with Ctrl-A.
The orc closely misses you.
You closely miss the orc. The orc hits you with a +0 war axe.
The orc wizard hits you with a +0 dagger.
The goblin hits you but does no damage. The orc hits you with a +0 war axe!
The orc attacks as you move away! The orc completely misses you.
The orc attacks as you move away! The orc hits you with a +0 hand axe.
The orc wizard barely misses you.
The orc wizard attacks as you move away!
The orc wizard hits you with a +0 dagger.
The orc attacks as you move away! The orc hits you with a +0 war axe.
* * * LOW HITPOINT WARNING * * *
The orc attacks as you move away! The orc barely misses you.
The goblin attacks as you move away! The goblin hits you but does no damage.
The orc attacks as you move away! The orc hits you with a +0 war axe!
You die...

# #=...# ###.
#....# ..#.#
#....#
.....##....#
#....o..$#
#........#
..#.#...oo##
..#+#..og.#
........@.##
...........###
.........#...#
#####....###.#
#.......##...
#....|..###.!#
#.......# #.#
#.......# ..
#.......# #.#


You could see an orc wizard, 3 orcs and a goblin.

Vanquished Creatures
  An adder (D:2)
  A worm (D:2)
  4 endoplasms
  A giant cockroach (D:1)
  A goblin (D:2)
  3 hobgoblins
  A quokka (D:1)
  5 ball pythons
  2 bats
  2 frilled lizards (D:2)
  5 kobolds
  A rat (D:2)
27 creatures vanquished.

Notes
Turn   | Place    | Note
-------+----------+-------------------------------------------
     0 | D:1      | dooked the Draconian Berserker began the quest for the Orb.
     0 | D:1      | Reached XP level 1. HP: 19/19 MP: 1/1
   329 | D:1      | Reached XP level 2. HP: 26/26 MP: 2/2
   972 | D:2      | Reached ** piety under Trog
   973 | D:2      | Reached XP level 3. HP: 33/33 MP: 3/3
  1126 | D:2      | You fall into a shaft and drop 1 floor!
  1161 | D:3      | Slain by an orc

Illustrated notes

Levels and vault maps discovered:
D:1:      reono_arrival_mine, layout_basic
D:2:      layout_basic, serial_shops, shop
D:3:      layout_basic, xom_confusion_cloud

Skill      XL: |  1  2 |
---------------+-------+-----
Dodging        | 3 |  3.1
Fighting       | |  3.9
Polearms       | |  3.5

Action                   || total
-------------------------++-------
Melee: Spear             ||    91
       Tailslap          ||    10
       Punch             ||     1
Throw: Stone             ||     2
  Use: Scroll            ||     1
       Potion            ||     4
Armor: Skin              ||    27
Dodge: Dodged            ||    61

Table legend: (Time is in decaauts)
 A = Elapsed time spent in this place.
 B = Non-inter-level travel time spent in this place.
 C = Inter-level travel time spent in this place.
 D = Time resting spent in this place.
 E = Time spent auto-exploring this place.
 F = Levels seen in this place.
 G = Mean time per level.
                   A        B        C        D        E       F      G
               +--------+--------+--------+--------+--------+-----+--------+
         Total |   1163 |   1154 |      9 |      0 |    144 |   3 |  387.7 |
       Dungeon |   1163 |   1154 |      9 |      0 |    144 |   3 |  387.7 |
               +--------+--------+--------+--------+--------+-----+--------+

Top non-repeatable levels by time:
     D:1: 710 daAuts
     D:2: 417 daAuts
     D:3: 34 daAuts
